 Dungeon Crawl Stone Soup version 0.25-a0-246-g58704a1ebd (webtiles) character file.

Game seed: 10496597853005815295, levelgen mode: deterministic

3019 Faustar the Thaumaturge (level 9, -3/93 HPs)
             Began as a Red Draconian Conjurer on Dec 3, 2019.
             Was a Believer of Vehumet.
             Slain by a two-headed ogre
             ... wielding a +0 giant club
              (11 damage)
             ... on level 8 of the Dungeon.
             The game lasted 00:27:18 (8217 turns).

Faustar the Thaumaturge (Red Draconian Conjurer)    Turns: 8217, Time: 00:27:19

Health: -3/93      AC: 24    Str: 11    XL:     9   Next: 55%
Magic:  11/22      EV:  2    Int: 19    God:    Vehumet [**....]
Gold:   351        SH:  0    Dex: 13    Spells: 16/27 levels left

rFire    + . .     SeeInvis .   g - +1 whip (elec)
rCold    + . .     Gourm    +   (no shield)
rNeg     + + +     Faith    .   (armour unavailable)
rPois    +         Spirit   .   (helmet currently unavailable)
rElec    +         Reflect  .   (cloak currently unavailable)
rCorr    +         Harm     .   (gloves currently unavailable)
MR       .....     NoTele   +   (boots currently unavailable)
Stlth    ++........             z - amulet of the gourmand
HPRegen  0.25/turn              r - +2 ring of dexterity
MPRegen  0.18/turn              (no ring)

@: tree-form, resistant, very slightly contaminated, invisible
A: (breathe fire), unfitting armour, AC +7
a: Renounce Religion


You were on level 8 of the Dungeon.
You worshipped Vehumet.
Vehumet was pleased with you.
You were not hungry.
You were a tree.
You visited 2 branches of the dungeon, and saw 9 of its levels.

You collected 351 gold pieces.

Inventory:

Hand Weapons
 g - a +1 whip of electrocution (weapon)
Armour
 w - the +1 hat of Ru's Reproof (melded) {rPois rC+ Str+3}
   (You found it on level 6 of the Dungeon)

   It affects your strength (+3).
   It protects you from cold.
   It protects you from poison.
Jewellery
 e - an uncursed amulet of regeneration
 f - an uncursed ring of ice
 r - a +2 ring of dexterity (left branch)
 y - an uncursed ring of ice
 z - an amulet of the gourmand (around neck)
Wands
 x - a wand of paralysis (7)
Scrolls
 h - a scroll of enchant weapon
 j - 4 scrolls of remove curse
 l - a scroll of noise
 q - a scroll of amnesia
Potions
 a - 5 potions of brilliance {unknown}
 c - a potion of heal wounds
 k - a potion of magic
 o - 2 potions of agility
 p - 2 potions of flight
Comestibles
 b - 6 rations


   Skills:
 - Level 1.7 Dodging
 - Level 1.7 Stealth
 + Level 9.6 Spellcasting
 + Level 7.6 Conjurations
 - Level 4.0 Hexes
 * Level 3.8 Fire Magic


You had 16 spell levels left.
You knew the following spells:

 Your Spells              Type           Power        Failure   Level  Hunger
a - Magic Dart            Conj           ####         1%          1    None
b - Searing Ray           Conj           #####.       1%          2    None
c - Fulminant Prism       Conj/Hex       ####......   7%          4    ###....
d - Tukima's Dance        Hex            ###.....     4%          3    None
e - Foxfire               Conj/Fire      ####         1%          1    None

Your spell library contained the following spells:

 Spells                   Type           Power        Failure   Level  Hunger
 Corona                   Hex            ###....      1%          1    None
 Dazzling Flash           Conj/Hex       ####..       2%          3    None
 Confuse                  Hex            ###.....     4%          3    None
 Ensorcelled Hibernation  Hex/Ice        ###...       5%          2    None
 Iskenderun's Mystic Bla  Conj/Tloc      ###.....     16%         4    ###....


Dungeon Overview and Level Annotations

Branches:
Dungeon (8/15)             Temple (1/1) D:4
   Lair: D:8-11

Altars:
Ashenzari
Cheibriados
Dithmenos
Elyvilon
Fedhas
Gozag
Hepliaklqana
Kikubaaqudgha
Makhleb
Nemelex Xobeh
Okawaru
Qazlal
Ru
Sif Muna
Trog
Uskayaw
Vehumet
Wu Jian
Yredelemnul
The Shining One

Shops:
D:5 *

Annotations:
D:4 1 runed translucent door, Crazy Yiuf
D:6 3 runed translucent doors, RedPan's ghost, novice DrIE; Tarias's ghost, novice OgTm


Innate Abilities, Weirdness & Mutations

((You can breathe blasts of fire.))
((Your fiery red scales are hard. (AC +7)))
You cannot fit into any form of body armour.
((Your flesh is heat resistant. (rF+)))
((You are cold-blooded and may be slowed by cold attacks.))


Message History

You hear an angry hiss.
The six-headed hydra barely misses you. The six-headed hydra bites you.
* * * LOW HITPOINT WARNING * * *
The six-headed hydra bites you but does no damage. x2
The six-headed hydra barely misses you. The six-headed hydra bites you.
* * * LOW HITPOINT WARNING * * *
Your fulminant prism explodes!
The blast of energy engulfs the six-headed hydra!!
The six-headed hydra is heavily wounded.
The blast of energy engulfs the two-headed ogre!
The two-headed ogre is almost dead.
Casting: Fulminant Prism (safe; 7% risk of failure)
Confirm with . or Enter, or press ? or * to list all spells.
Aiming: Fulminant Prism (safe; 7% risk of failure)
Press: ? - help, Dir - move target cursor You conjure a prism of explosive energy!
A fulminant prism comes into view.
The two-headed ogre hits you but does no damage.
The two-headed ogre hits you with a +0 giant club!
You die...

########
##......##
##........##
#..........#
#......♣...#
####...DO..#
##......#
#...*..#
+........
#.....####
##......#
###.......#
..........#


You could see a six-headed hydra, a two-headed ogre and a friendly fulminant
prism.

Vanquished Creatures
  Menkaure (D:7)
  2 black bears
  3 sky beasts
  2 orc warriors
  3 slaves (D:6)
  2 necrophages
  An ogre (D:7)
  2 phantoms (D:6)
  2 centaurs
  2 bullfrogs
  A scorpion (D:6)
  6 killer bees
  3 wights (D:7)
  A howler monkey (D:7)
  3 crimson imps
  A jelly (D:8)
  A bullfrog zombie (D:4)
  2 bullfrog skeletons
  4 hounds
  A centaur skeleton (D:4)
  2 orc priests
  2 iguanas (D:4)
  6 orc wizards
  2 worker ants
  2 hound skeletons (D:6)
  A howler monkey zombie (D:4)
  A worker ant zombie (D:4)
  A gnoll (D:2)
  12 adders
  An adder skeleton (D:4)
  An adder zombie (D:4)
  2 worms (D:4)
  3 dart slugs
  5 leopard geckos
  16 orcs
  2 ball pythons (D:4)
  9 bats
  6 giant cockroaches
  7 hobgoblins
  5 jackals
  14 kobolds
  5 quokkas
  8 frilled lizards
  9 goblins
  A jackal skeleton (D:4)
  A leopard gecko skeleton (D:4)
  A fungus (D:4)
168 creatures vanquished.

Vanquished Creatures (collateral kills)
  An ogre (D:7)
1 creature vanquished.

Vanquished Creatures (others)
  2 dancing weapons (D:8)
  4 foxfires (D:7)
  14 fulminant prisms
  3 withered plants (D:6)
23 creatures vanquished.

Grand Total: 192 creatures vanquished

Notes
Turn   | Place    | Note
-------+----------+-------------------------------------------
     0 | D:1      | Faustar the Draconian Conjurer began the quest for the Orb.
     0 | D:1      | Reached XP level 1. HP: 14/14 MP: 3/3
   318 | D:1      | Reached XP level 2. HP: 20/20 MP: 0/5
  1088 | D:2      | Reached XP level 3. HP: 26/26 MP: 4/7
  1169 | D:2      | Learned a level 2 spell: Searing Ray
  1209 | D:2      | Reached skill level 3 in Spellcasting
  1531 | D:2      | Reached XP level 4. HP: 33/33 MP: 4/8
  1824 | D:2      | Reached skill level 5 in Conjurations
  1959 | D:2      | Found an iron altar of Okawaru.
  2156 | D:3      | Found a sparkling altar of Nemelex Xobeh.
  2687 | D:4      | Reached XP level 5. HP: 37/38 MP: 5/10
  2688 | D:4      | Found a staircase to the Ecumenical Temple.
  2758 | Temple   | Entered the Ecumenical Temple
  2946 | Temple   | Became a worshipper of Vehumet
  3124 | D:4      | Reached skill level 4 in Spellcasting
  3486 | D:4      | Reached XP level 6. HP: 45/45 MP: 5/12
  4105 | D:4      | Found a runed translucent door.
  4106 | D:4      | Noticed Crazy Yiuf
  4117 | D:4      | Learned a level 4 spell: Fulminant Prism
  4143 | D:5      | Entered Level 5 of the Dungeon
  4147 | D:5      | Reached skill level 5 in Spellcasting
  4287 | D:5      | Noticed a sky beast
  4312 | D:5      | Your scales start taking on a fiery red colour.
  4312 | D:5      | Reached XP level 7. HP: 43/50 MP: 9/14
  4312 | D:5      | Gained mutation: Your flesh is heat resistant. (rF+) [Red
                  | Draconian growth]
  4328 | D:5      | Found Irghuqurua's Lightly-Used Armoury.
  4495 | D:5      | Reached * piety under Vehumet
  4495 | D:5      | Offered knowledge of Sandblast by Vehumet.
  4878 | D:5      | Learned a level 3 spell: Tukima's Dance
  4905 | D:5      | Found a white marble altar of Elyvilon.
  4917 | D:5      | Found a snail-covered altar of Cheibriados.
  5010 | D:6      | Reached skill level 1 in Hexes
  5011 | D:6      | Found a runed translucent gate.
  5011 | D:6      | Found a runed translucent gate.
  5011 | D:6      | Found a runed translucent gate.
  5015 | D:6      | Noticed Tarias's ghost (novice OgTm)
  5015 | D:6      | Noticed RedPan's ghost (novice DrIE)
  5028 | D:6      | Reached skill level 6 in Spellcasting
  5035 | D:6      | Reached XP level 8. HP: 50/57 MP: 5/17
  5145 | D:6      | Got a steaming hat
  5151 | D:6      | Identified the +1 hat of Ru's Reproof {rPois rC+ Str+3}
                  | (You found it on level 6 of the Dungeon)
  5392 | D:6      | Reached skill level 7 in Spellcasting
  5556 | D:6      | Found a glowing golden altar of the Shining One.
  6138 | D:7      | Reached skill level 8 in Spellcasting
  6487 | D:7      | Reached XP level 9. HP: 51/62 MP: 13/21
  6746 | D:7      | Reached ** piety under Vehumet
  6746 | D:7      | Reached skill level 9 in Spellcasting
  6875 | D:7      | Offered knowledge of Foxfire by Vehumet.
  6880 | D:6      | Learned a level 1 spell: Foxfire
  7050 | D:7      | Reached skill level 1 in Fire Magic
  7257 | D:7      | Noticed Menkaure
  7704 | D:7      | Killed Menkaure
  7919 | D:7      | Found a bloodstained altar of Trog.
  7921 | D:7      | Found a sacrificial altar of Ru.
  7921 | D:7      | Found a hide-covered altar of Uskayaw.
  8007 | D:8      | Noticed a two-headed ogre
  8199 | D:8      | Noticed a six-headed hydra
  8199 | D:8      | Noticed a two-headed ogre
  8217 | D:8      | Slain by a two-headed ogre

Levels and vault maps discovered:
D:1:      dpeg_arrival_leaves_temple_mockup, layout_rooms, minivault_27,
          st_stairs_6, minmay_tetromino_l4
D:2:      layout_rooms, okawaru_altar_gauntlet_db, first_ration
D:3:      layout_loops_cross, nemelex_xobeh_ov_fountains_minmay
D:4:      layout_basic, minmay_temple_entry_sparse_star, serial_undead,
          serial_undead_f, serial_undead_c, serial_undead_e, serial_undead_b,
          st_stairs_7, uniq_crazy_yiuf_cottage
D:5:      layout_cave_pools, minitemple, minmay_shop_damaged
D:6:      layout_loops_cross, gammafunk_ghost_cemetery,
          nicolae_tso_swordbearing_angel
D:7:      layout_rooms, grunt_temple_overflow_diamond, uniq_pikel, uniq_menkaure
D:8:      layout_rooms, xom_teletrap_fun, gammafunk_temple_overflow_statue,
          serial_shops, nicolae_shop_waterfront
Temple:   minmay_temple_bridge_abc

Skill      XL: |  1  2  3  4  5  6  7  8  9 |
---------------+----------------------------+-----
Spellcasting   | 3 4 5 6 8 9 |  9.6
Conjurations   | 5 6 7 |  7.6
Hexes          | 2 4 |  4.0
Fire Magic     | 3 |  3.8
Dodging        | |  1.7
Stealth        | |  1.7

Action                   |  1- 3 |  4- 6 |  7- 9 || total
-------------------------+-------+-------+-------++-------
Melee: Unarmed           |     3 |       |       ||     3
       Whip              |    31 |    91 |    38 ||   160
       Tailslap          |     2 |     9 |     2 ||    13
 Cast: Magic Dart        |    76 |    49 |    75 ||   200
       Searing Ray       |     1 |    13 |    44 ||    58
       Fulminant Prism   |       |       |    15 ||    15
       Tukima's Dance    |       |       |     6 ||     6
       Foxfire           |       |       |     3 ||     3
 Abil: Breathe Fire      |       |       |     1 ||     1
  Use: Potion            |       |       |     7 ||     7
       Scroll            |       |       |    15 ||    15
 Stab: Sleeping          |       |     2 |       ||     2
  Eat: Chunk             |     3 |     7 |     5 ||    15
       Ration            |       |       |     4 ||     4
Armor: Skin              |    16 |    37 |    54 ||   107
Dodge: Dodged            |    39 |    65 |    91 ||   195

Table legend:
 A = Non-vault XP
 B = Vault XP
 C = Vault XP percentage of total XP
 D = Non-vault monster count
 E = Vault monster count
 F = Vault count percentage of total count
                 A         B        C        D         E       F
            +---------+---------+-------+---------+---------+-------
      Total |    4029 |     285 |   6.6 |     147 |      18 |  10.9
            +---------+---------+-------+---------+---------+-------
        D:1 |      30 |       9 |  23.1 |      16 |       5 |  23.8
        D:2 |      74 |      25 |  25.3 |      21 |       6 |  22.2
        D:3 |      42 |       0 |   0.0 |      19 |       0 |   0.0
        D:4 |     312 |      76 |  19.6 |      19 |       6 |  24.0
        D:5 |     599 |       0 |   0.0 |      14 |       0 |   0.0
        D:6 |    1318 |       0 |   0.0 |      25 |       0 |   0.0
        D:7 |    1547 |     175 |  10.2 |      28 |       1 |   3.4
        D:8 |     107 |       0 |   0.0 |       5 |       0 |   0.0
            +---------+---------+-------+---------+---------+-------
